 Dungeon Crawl Stone Soup version 0.22.1-2-g9c5b331 (webtiles) character file.

30 Labyrinth the Firebug (level 3, 0/26 HPs)
             Began as a Draconian Fire Elementalist on Nov 21, 2018.
             Succumbed to an adder's poison
             ... on level 2 of the Dungeon.
             The game lasted 00:06:22 (852 turns).

Labyrinth the Firebug (Draconian Fire Elementalist)  Turns: 852, Time: 00:06:23

Health: 0/26       AC:  5    Str: 10    XL:     3   Next: 5%
Magic:  0/6        EV: 12    Int: 21    God:
Gold:   95         SH:  0    Dex: 11    Spells: 3/6 levels left

rFire    . . .     SeeInvis .   k - +0 spear
rCold    . . .     Gourm    .   (no shield)
rNeg     . . .     Faith    .   (armour unavailable)
rPois    .         Spirit   .   (helmet restricted)
rElec    .         Reflect  .   (no cloak)
rCorr    .         Harm     .   (no gloves)
MR       .....                  (no boots)
Stlth    ++........             (no amulet)
HPRegen  0.08/turn              (no ring)
MPRegen  0.10/turn              (no ring)

@: brilliant, lethally poisoned (0 -> -11)
A: unfitting armour, cold-blooded, AC +5
a: no special abilities


You were on level 2 of the Dungeon.
You were not hungry.

You visited 1 branch of the dungeon, and saw 2 of its levels.

You collected 95 gold pieces.

Inventory:

Hand Weapons
 c - a +0 hand axe
 k - a +0 spear (weapon)
Missiles
 e - 21 bolts
 f - 16 sling bullets (quivered)
 h - 13 arrows
Scrolls
 a - 2 scrolls of teleportation
 i - a scroll of remove curse
Comestibles
 b - 3 rations


   Skills:
 + Level 0.1 Fighting
 + Level 0.4 Polearms
 + Level 2.2 Dodging
 + Level 1.9 Stealth
 + Level 2.1 Spellcasting
 + Level 1.1 Conjurations
 + Level 3.5 Fire Magic


You had 3 spell levels left.
You knew the following spells:

 Your Spells              Type           Power        Failure   Level  Hunger
a - Flame Tongue          Conj/Fire      ###..        1%          1    #......
b - Throw Flame           Conj/Fire      ###...       1%          2    ##.....

Your spell library contained the following spells:

 Spells                   Type           Power        Failure   Level  Hunger
 Conjure Flame            Conj/Fire      ###.....     2%          3    ###....
 Inner Flame              Hex/Fire       ###.....     2%          3    ###....
 Sticky Flame             Conj/Fire      ###.....     7%          4    #####..
 Fireball                 Conj/Fire      ###.......   16%         5    ######.


Dungeon Overview and Level Annotations

Branches:
Dungeon (2/15)

Altars:


Innate Abilities, Weirdness & Mutations

Your plain brown scales are hard. (AC +5)
You cannot fit into any form of body armour.
You are cold-blooded and may be slowed by cold attacks.


Message History

Found an escape hatch in the floor.
Casting: Flame Tongue (safe; 1% risk of failure)
Confirm with . or Enter, or press ? or * to list all spells.
Aiming: Throw Flame (safe; 1% risk of failure)
Press: ? - help, Shift-Dir - straight line, f - leopard gecko
Aim: a leopard gecko (hasn't noticed you)
The puff of flame misses the leopard gecko.
The leopard gecko hisses angrily.
* * * LOW HITPOINT WARNING * * *
You feel sick.
Casting: Throw Flame (safe; 1% risk of failure)
Confirm with . or Enter, or press ? or * to list all spells.
You don't have enough magic to cast that spell.
You aren't carrying any potions.
As you read the scroll labeled RIORODIFIY, it crumbles to dust.
It is a scroll of enchant armour.
You aren't carrying any armour which can be enchanted further.
* * * LOW HITPOINT WARNING * * *
You feel sick.
You die...

##### #...#
#...# #...#
##.(.# .?..+
#...# #@..#
#...#
#........>#
#......l....#
#............
#..........#.
#..........#
#............
#.(.......(..


You could see a leopard gecko.

Vanquished Creatures
  2 dart slugs (D:1)
  A leopard gecko (D:2)
  2 giant cockroaches (D:1)
  3 goblins (D:1)
  5 hobgoblins (D:1)
  A kobold (D:1)
  2 ball pythons (D:1)
  3 bats (D:1)
  2 frilled lizards (D:1)
  2 rats (D:1)
23 creatures vanquished.

Notes
Turn   | Place    | Note
-------+----------+-------------------------------------------
     0 | D:1      | Labyrinth the Draconian Fire Elementalist began the quest
                  | for the Orb.
     0 | D:1      | Reached XP level 1. HP: 14/14 MP: 3/3
   167 | D:1      | Reached XP level 2. HP: 20/20 MP: 1/5
   171 | D:1      | Learned a level 2 spell: Throw Flame
   632 | D:1      | Reached XP level 3. HP: 26/26 MP: 4/6
   851 | D:2      | HP: 1/26 [poisoned by an adder]
   852 | D:2      | Succumbed to an adder's poison

Skill      XL: |  1 |
---------------+----+-----
Dodging        | 2 |  2.2
Fighting       | |  0.1
Polearms       | |  0.4
Stealth        | |  1.9
Spellcasting   | |  2.1
Conjurations   | |  1.1
Fire Magic     | |  3.5

Action                   || total
-------------------------++-------
Melee: Spear             ||    42
       Tailslap          ||     5
       Hand axe          ||     9
 Cast: Flame Tongue      ||    25
       Throw Flame       ||     6
  Use: Scroll            ||     6
       Potion            ||     1
  Eat: Chunk             ||     1
Armor: Skin              ||    18
Dodge: Dodged            ||    49
